 Dungeon Crawl Stone Soup version 0.31-a0-271-gb88eb75e06 (webtiles) character file.

Game seed: 7843660264591344227

653 vineage the Trooper (level 7, 0/48 HPs)
             Began as a Gargoyle Fighter on July 14, 2023.
             Slain by Dowan
             ... wielding a +0 dagger
              (3 damage)
             ... on level 5 of the Dungeon.
             The game lasted 00:03:27 (2790 turns).

vineage the Trooper (Gargoyle Fighter)              Turns: 2790, Time: 00:03:27

Health: 0/48       AC: 13    Str: 21    XL:     7   Next: 54%
Magic:  7/7        EV:  7    Int:  5    God:
Gold:   227        SH:  4    Dex: 12    Spells: 6/6 levels left

rFire   . . .        j - +2 flail (holy)
rCold   . . .        k - +0 buckler of Inaction {Harm rCorr Int-4 Dex+3}
rNeg    + . .        p - +0 chain mail
rPois   ∞            (no helmet)
rElec   +            (no cloak)
rCorr   +            (no gloves)
SInv    .            (no boots)
Will    .....        (no amulet) Stlth
                     q - ring of flight
HPRegen 0.28/turn    (no ring)
MPRegen 0.10/turn

%: harm (+30% outgoing, +20% incoming)
@: flying
A: sickness immunity, AC +4, negative energy resistance 1, electricity
resistance, torment resistance 1, petrification resistance
a: no special abilities


You were on level 5 of the Dungeon.
You visited 1 branch of the dungeon, and saw 5 of its levels.

You collected 227 gold pieces.

Inventory:

Hand Weapons
 a - a +0 flail of draining
 j - a +2 flail of holy wrath (weapon)
Armour
 b - a +0 scale mail
 c - a +0 buckler
 k - the +0 buckler of Inaction (worn) {Harm rCorr Int-4 Dex+3}
   (You found it on level 2 of the Dungeon)

   Int:       It affects your intelligence (-4).
   Dex:       It affects your dexterity (+3).
   rCorr:     It protects you from acid and corrosion.
   Harm:      It increases damage dealt and taken.
 p - a +0 chain mail (worn)
Jewellery
 q - a ring of flight (left hand)
Scrolls
 e - a scroll of identify
 g - 2 scrolls of brand weapon
 l - 2 scrolls of immolation
 s - a scroll of blinking
Potions
 d - a potion of might
 f - 3 potions of ambrosia
 h - a potion of mutation
 i - a potion of haste
 m - a potion of magic {unknown}
 n - 4 potions of curing {unknown}
 o - 2 potions of attraction {unknown}
 r - a potion of degeneration {unknown}
 t - a potion of heal wounds


   Skills:
 + Level 7.0 Fighting
 + Level 5.9 Maces & Flails
 - Level 3.2 Armour
 - Level 3.2 Shields


You had 6 spell levels left.
You didn't know any spells.
Your spell library contained the following spells:

 Spells                   Type           Power      Damage    Failure   Level
 Ensorcelled Hibernation  Hex/Ice        0%         N/A       100%        2
 Anguish                  Hex/Necr       0%         N/A       100%        4
 Dispel Undead            Necr           0%         3d6       100%        4
 Death Channel            Necr           0%         N/A       100%        6
 Cigotuvi's Dreadful Rot  Necr/Pois/Air  Unusable   N/A       N/A         2

Dungeon Overview and Level Annotations

Branches:
Dungeon (5/15)
 Temple: D:4-7

Altars:
Gozag
Ru
Trog

Annotations:
D:5 Dowan


Innate Abilities, Weirdness & Mutations

You are immune to sickness and miasma.
Your stone body is resilient. (AC +4)
You are immune to poison.
You resist negative energy. (rN+)
You are resistant to electric shocks. (rElec)
You are resistant to unholy torment.
You are immune to petrification.


Message History

No target in view!
No target in view!
No target in view!
No target in view!
No target in view!
No target in view!
Dowan is nearby!
You closely miss Dowan. Dowan hits you with a +0 dagger.
Dowan hits you but does no damage.
You hit Dowan.
Dowan is moderately wounded.
Dowan points at you and mumbles some strange words.
The stone arrow hits you!
You are too injured to fight recklessly!
You are too injured to fight recklessly!
You are too injured to fight recklessly!
You are too injured to fight recklessly!
You are too injured to fight recklessly!
You are too injured to fight recklessly!
You are too injured to fight recklessly!
You are too injured to fight recklessly!
You are too injured to fight recklessly!
You are too injured to fight recklessly!
You are too injured to fight recklessly!
You are too injured to fight recklessly!
You are too injured to fight recklessly!
You are too injured to fight recklessly!
You are too injured to fight recklessly!
You hit Dowan.
Dowan is heavily wounded.
Dowan points at you and mumbles some strange words.
The shard of ice hits you!
* * * LOW HITPOINT WARNING * * *
Dowan hits you but does no damage.
You closely miss Dowan.
Dowan is heavily wounded.
Dowan hits you with a +0 dagger.
* * * LOW HITPOINT WARNING * * *
Dowan hits you with a +0 dagger.
You die...

##.....###......#
#.####### #.......
#......##
#.......##.......#
#.......##.......#
##.....#.......<.#
.
##...##.#####.###
######.###.....##
#....##.8e..8.#
###.#####.@.....#
#......)...._.....
#...:####.......#.
#..### #.8...8.#
### ##.....##
###.### ... ####


You could see Dowan (fast).

Vanquished Creatures
  A wyvern (D:5)
  Duvessa (D:5)
  An orc warrior (D:4)
  A hound (D:5)
  An orc priest (D:3)
  4 orc wizards (D:3)
  5 adders
  3 worms
  3 dart slugs
  17 orcs
  8 ball pythons
  5 endoplasms
  4 giant cockroaches
  A goblin (D:2)
  7 hobgoblins
  3 jackals (D:1)
  A quokka (D:4)
  5 bats
  8 frilled lizards
  8 kobolds
  3 rats
90 creatures vanquished.

Notes
Turn   | Place    | Note
-------+----------+-------------------------------------------
     0 | D:1      | vineage the Gargoyle Fighter began the quest for the Orb.
     0 | D:1      | Reached XP level 1. HP: 14/14 MP: 1/1
    92 | D:1      | Reached XP level 2. HP: 18/19 MP: 2/2
   453 | D:2      | Reached XP level 3. HP: 19/24 MP: 3/3
   489 | D:2      | Reached skill level 4 in Fighting
   529 | D:2      | Identified the +0 buckler of Inaction {Harm rCorr Int-4
                  | Dex+3}
   951 | D:3      | Reached XP level 4. HP: 25/30 MP: 4/4
  1257 | D:3      | Reached XP level 5. HP: 19/34 MP: 5/5
  1321 | D:3      | Reached skill level 5 in Fighting
  1372 | D:3      | Reached XP level 6. HP: 11/40 MP: 6/6
  1586 | D:3      | Found a sacrificial altar of Ru.
  1950 | D:4      | Noticed an orc warrior
  1970 | D:4      | Killed an orc warrior
  1973 | D:4      | Reached skill level 6 in Fighting
  1980 | D:4      | Reached skill level 5 in Maces & Flails
  2464 | D:5      | Entered Level 5 of the Dungeon
  2536 | D:5      | Noticed a wyvern
  2556 | D:5      | Killed a wyvern
  2557 | D:5      | Reached XP level 7. HP: 20/47 MP: 7/7
  2737 | D:5      | Found a bloodstained altar of Trog.
  2766 | D:5      | Noticed Duvessa
  2767 | D:5      | Found an opulent altar of Gozag.
  2767 | D:5      | Noticed Dowan
  2780 | D:5      | Killed Duvessa
  2781 | D:5      | Reached skill level 7 in Fighting
  2790 | D:5      | Slain by Dowan

Illustrated notes

Levels and vault maps discovered:
D:1:      zaba_arrival_water, layout_rooms
D:2:      layout_basic, grunt_decor_mini_mirrors, kennysheep_generic_room_11
D:3:      layout_basic, nicolae_ru_great_annihilating_truth,
          minmay_misc_feat_pillars
D:4:      layout_rooms
D:5:      layout_rooms, trog_butcher_becter, grunt_gozag_statues, uniq_duvessa

Skill      XL: |  1  2  3  4  5  6  7 |
---------------+----------------------+-----
Fighting       | 4 5 6 7 |  7.0
Maces & Flails | 3 4 5 |  5.9
Armour         | |  3.2
Shields        | |  3.2

Action                     |  1- 3 |  4- 6 |  7- 9 || total
---------------------------+-------+-------+-------++-------
  Melee: Flail             |   106 |   193 |    25 ||   324
    Use: Scroll            |       |    10 |       ||    10
         Potion            |       |     2 |       ||     2
   Stab: Paralysed         |       |     1 |       ||     1
 Armour: Scale mail        |    64 |   109 |       ||   173
         Chain mail        |       |    24 |    14 ||    38
  Dodge: Dodged            |    55 |    90 |     6 ||   151
  Block: Buckler           |    19 |    51 |     4 ||    74

Table legend: (Time is in decaauts)
 A = Elapsed time spent in this place.
 B = Non-inter-level travel time spent in this place.
 C = Inter-level travel time spent in this place.
 D = Time resting spent in this place.
 E = Time spent auto-exploring this place.
 F = Levels seen in this place.
 G = Mean time per level.
                   A        B        C        D        E       F      G
               +--------+--------+--------+--------+--------+-----+--------+
         Total |   2873 |   2821 |     52 |    168 |   1917 |   5 |  574.6 |
       Dungeon |   2873 |   2821 |     52 |    168 |   1917 |   5 |  574.6 |
               +--------+--------+--------+--------+--------+-----+--------+

Top non-repeatable levels by time:
     D:3: 961 daAuts
     D:4: 643 daAuts
     D:2: 473 daAuts
     D:1: 463 daAuts
     D:5: 332 daAuts
